 Dungeon Crawl Stone Soup version 0.26-a0-852-g6321bf7485 (webtiles) character file.

Game seed: 1025828980532441881

189 mhtbhm the Poker (level 5, -1/47 HPs)
             Began as a Draconian Berserker on Nov 21, 2020.
             Was a Believer of Trog.
             Slain by Grinder (6 damage)
             ... while paralysed by Grinder
             ... on level 3 of the Dungeon.
             The game lasted 00:05:34 (2158 turns).

mhtbhm the Poker (Draconian Berserker)              Turns: 2158, Time: 00:05:35

Health: -1/47      AC:  7    Str: 20    XL:     5   Next: 40%
Magic:  5/5        EV:  2    Int:  7    God:    Trog [**....]
Gold:   115        SH:  0    Dex: 11    Spells: 4/4 levels left

rFire    . . .     SeeInvis .   a - +0 spear
rCold    . . .     Faith    .   (no shield)
rNeg     . . .     Spirit   .   (armour unavailable)
rPois    .         Reflect  .   (helmet restricted)
rElec    .         Harm     .   (no cloak)
rCorr    .         Rampage  .   d - +1 pair of gloves
MR       .....                  (no boots)
Stlth    +.........             (no amulet)
HPRegen  0.15/turn              (no ring)
MPRegen  0.09/turn              (no ring)

@: paralysed, berserk cooldown
A: unfitting armour, cold-blooded, AC +5
a: Berserk, Trog's Hand, Renounce Religion


You were on level 3 of the Dungeon.
You worshipped Trog.
Trog was pleased with you.
You visited 1 branch of the dungeon, and saw 3 of its levels.

You collected 115 gold pieces.

Inventory:

Hand Weapons
 a - a +0 spear (weapon)
Armour
 d - a +1 pair of gloves (worn)
Scrolls
 b - 2 scrolls of enchant armour
 c - a scroll of fog
 l - 3 scrolls of remove curse
Potions
 e - a potion of lignification
 f - a potion of cancellation
 g - a potion of attraction {unknown}
 h - a potion of invisibility {unknown}
 i - 2 potions of curing {unknown}
 j - a potion of might {unknown}
 m - a potion of berserk rage {unknown}
 n - a potion of haste {unknown}
 o - a potion of mutation {unknown}
 q - a potion of heal wounds {unknown}


   Skills:
 + Level 4.4 Fighting
 + Level 4.8 Polearms
 + Level 3.4 Dodging
 + Level 0.7 Stealth


You had 4 spell levels left.
You didn't know any spells.
Your spell library was empty.

Dungeon Overview and Level Annotations

Branches:
Dungeon (3/15)

Altars:
Okawaru
Qazlal
Ru
Zin

Annotations:
D:3 Grinder


Innate Abilities, Weirdness & Mutations

Your plain brown scales are hard. (AC +5)
You cannot fit into any form of body armour.
You are cold-blooded and may be slowed by cold attacks.


Message History

You cannot move.
Unknown command.
You hit Grinder.
Grinder is moderately wounded.
Grinder hits you but does no damage.
You hit Grinder.
Grinder is heavily wounded.
Grinder hits you.
* * * LOW HITPOINT WARNING * * *
It was a potion of cancellation.
Your magical effects are unravelling.
You feel magically purged.
You feel less wooden.
Your +1 pair of gloves unmelds from your body.
You feel yourself speed up. Grinder gestures at you.
You suddenly lose the ability to move!
Grinder hits you!
* * * LOW HITPOINT WARNING * * *
You writhe in agony.
You die...

*,*,,#.......## #.....#
*,*,,#....(..# #####.#
*,*,,#.......#########.#
*,*,,#....(..#.........#
*,*,,#....)..#.#########
,,*,,#.......#.#
,,,,,#######.#.#
***+********.#.######
,,,,,,,,,,,,.#..@5..#
**,*********#######.#
*,* #.# *,* #.# **,***
#.###### ,,,,,* #......#
,*,*,* ######.# ,*,*,*
#.# ,*,*,* #.#


You could see Grinder.

Vanquished Creatures
  Jessica (D:2)
  Natasha (D:3)
  7 adders
  3 oozes
  2 dart slugs (D:1)
  2 leopard geckos
  An orc (D:3)
  5 bats
  6 giant cockroaches
  9 goblins
  4 hobgoblins
  3 jackals
  2 quokkas (D:2)
  5 frilled lizards
  3 kobolds
  3 rats
57 creatures vanquished.

Notes
Turn   | Place    | Note
-------+----------+-------------------------------------------
     0 | D:1      | mhtbhm the Draconian Berserker began the quest for the Orb.
     0 | D:1      | Reached XP level 1. HP: 19/19 MP: 1/1
   204 | D:1      | Reached XP level 2. HP: 26/26 MP: 2/2
   651 | D:1      | Reached XP level 3. HP: 33/33 MP: 3/3
   834 | D:2      | Found an iron altar of Okawaru.
   835 | D:2      | Found a glowing silver altar of Zin.
   879 | D:2      | Found a stormy altar of Qazlal.
   888 | D:2      | Reached ** piety under Trog
   991 | D:2      | Reached XP level 4. HP: 40/40 MP: 4/4
  1077 | D:2      | Noticed Jessica
  1085 | D:2      | Killed Jessica
  1304 | D:2      | Found a sacrificial altar of Ru.
  1507 | D:3      | Reached XP level 5. HP: 42/46 MP: 5/5
  1560 | D:3      | Noticed Natasha
  1568 | D:3      | Killed Natasha
  2118 | D:3      | Noticed Grinder
  2143 | D:3      | Paralysed by Grinder for 6 turns
  2158 | D:3      | Paralysed by Grinder for 4 turns
  2158 | D:3      | Slain by Grinder

Illustrated notes

Levels and vault maps discovered:
D:1:      dpeg_arrival_rooms_a, layout_basic, grunt_decor_one_mirror
D:2:      layout_basic, gammafunk_temple_overflow_statue,
          nicolae_qazlal_general_emergency, nicolae_ru_great_annihilating_truth,
          minmay_misc_feat_tower, bh_walls_and_bars, uniq_jessica
D:3:      layout_basic, serial_park_tiny_pond, kennysheep_small_spiral,
          st_stairs_14, minivault_5, uniq_natasha, uniq_grinder,
          uniq_crazy_yiuf_cottage

Skill      XL: |  1  2  3 |
---------------+----------+-----
Dodging        | 3 |  3.4
Fighting       | 4 |  4.4
Polearms       | 4 |  4.8
Stealth        | |  0.7

Action                   |  1- 3 |  4- 6 || total
-------------------------+-------+-------++-------
Melee: Spear             |    94 |   121 ||   215
       Tailslap          |     4 |    11 ||    15
Invok: Berserk           |       |     2 ||     2
  Use: Scroll            |     3 |     5 ||     8
       Potion            |       |     2 ||     2
 Stab: Sleeping          |     1 |       ||     1
       Paralysed         |       |     1 ||     1
       Distracted        |       |     1 ||     1
Armor: Skin              |    13 |    40 ||    53
Dodge: Dodged            |    34 |    76 ||   110

Table legend: (Time is in decaauts)
 A = Elapsed time spent in this place.
 B = Non-inter-level travel time spent in this place.
 C = Inter-level travel time spent in this place.
 D = Time resting spent in this place.
 E = Time spent auto-exploring this place.
 F = Levels seen in this place.
 G = Mean time per level.
                   A        B        C        D        E       F      G
               +--------+--------+--------+--------+--------+-----+--------+
         Total |   2157 |   2157 |      0 |    208 |   1446 |   3 |  719.0 |
       Dungeon |   2157 |   2157 |      0 |    208 |   1446 |   3 |  719.0 |
               +--------+--------+--------+--------+--------+-----+--------+

Top non-repeatable levels by time:
     D:1: 749 daAuts
     D:2: 736 daAuts
     D:3: 670 daAuts
